AoeStats
← El Fantasma de Pancho Villa

Arabia

508004050Analyzed
4v4 RM · 12d ago on Sep 20, 2026· 25m 31s· 8 players
Game mode
Random Map
Map size
Large (8 player)
Population
200
Speed
Normal
Resources
Standard
Victory
Conquest
Starting age
Dark Age
Ending age
Imperial Age
RankedLock teamsTeams togetherTeam positionsShared explorationLock speedFull tech treeHidden civsTurbo modeCheats
Victory
Defeat
🇪🇸 Vietnamese · Spain
1305
+10
🇪🇸 Hindustanis · Spain
1277
+12
1197
+15
🇪🇸 Koreans · Spain
1050
+21
🇲🇹 Vietnamese · Malta
1207
-16
🇦🇷 Khmer · Argentina
1167
-14
🇨🇴 Ethiopians · Colombia
1157
-14
🇺🇸 Teutons · United States
1151
-14
[Lw] MasterGace
7:18 Loom
9:28 Feudal Age
11:48 Horse Collar
11:57 Double-Bit Axe
El Fantasma de Pancho Villa
6:26 Loom
9:30 Feudal Age
15:37 Bloodlines
16:53 Forging
19:25 Scale Barding Armor
20:23 Horse Collar
24:54 Castle Age
23:24 Gold Mining
23:22 Double-Bit Axe
24:49 Wheelbarrow
julianSD7
7:01 Loom
9:41 Feudal Age
10:42 Double-Bit Axe
13:43 Fletching
14:59 Padded Archer Armor
22:48 Wheelbarrow
26:39 Castle Age
proxxi
6:52 Loom
9:37 Feudal Age
16:03 Double-Bit Axe
19:00 Fletching
20:37 Padded Archer Armor
21:16 Horse Collar
26:03 Castle Age
ruizcanela
7:12 Loom
10:14 Feudal Age
10:48 Double-Bit Axe
16:13 Fletching
16:25 Padded Archer Armor
20:30 Wheelbarrow
23:27 Castle Age
23:39 Crossbowman
25:01 Bodkin Arrow
ryzenvelos
7:08 Loom
9:07 Feudal Age
9:53 Double-Bit Axe
12:09 Forging
15:27 Wheelbarrow
19:20 Horse Collar
22:47 Castle Age
22:34 Scale Barding Armor
23:34 Husbandry
25:19 Gold Mining
25:41 Bow Saw
25:41 Heavy Plow
25:58 Hand Cart
[EmPut] Ersabo
7:53 Loom
10:33 Feudal Age
15:33 Fletching
18:25 Horse Collar
18:33 Double-Bit Axe
19:02 Gold Mining
19:00 Town Watch
25:53 Castle Age
25:56 Wheelbarrow
[EmPut] LucioCornelio
6:29 Loom
8:40 Feudal Age
9:11 Double-Bit Axe
15:50 Horse Collar
17:46 Bloodlines
17:45 Scale Barding Armor
19:10 Forging
23:20 Castle Age
23:31 Gold Mining
24:06 Bow Saw
24:12 Husbandry
Connection lost

Rejoining the realm…

Still unreachable

The connection could not be restored.

Session expired

The server has moved on; the page needs a fresh start.